 Dungeon Crawl Stone Soup version 0.20.1-1-g8b1a95d (webtiles) character file.

1389 gungr the Martial Artist (level 8, 0/51 HPs)
             Began as an Octopode Transmuter on Oct 22, 2017.
             Was a Believer of Okawaru.
             Slain by a centaur (1 damage)
             ... on level 6 of the Dungeon on Oct 23, 2017.
             The game lasted 00:25:29 (5980 turns).

gungr the Martial Artist (Octopode Transmuter)      Turns: 5980, Time: 00:25:29

Health: 0/51       AC:  1    Str:  9    XL:     8   Next: 68%
Magic:  11/12      EV: 11    Int: 17    God:    Okawaru [**....]
Gold:   306        SH:  8    Dex: 13    Spells: 8/12 levels left

rFire    . . .     SeeInvis .     - Unarmed
rCold    . . .     Gourm    .   v - +1 shield
rNeg     . . .     Faith    .   (helmet restricted)
rPois    .         Spirit   .   (no amulet)
rElec    .         Reflect  .   q - ring of wizardry
rCorr    .         Harm     .   w - ring of wizardry
MR       .....                  (no ring)
Stlth    +++.......             (no ring)
Regen    0.2/turn               (no ring)
MPRegen  0.2/turn               (no ring)
                                (no ring)
                                (no ring)

@: appendage, flying, hasted, very quick
A: almost no armour, stealthy swim, amphibious, 8 rings, constrict 8, tentacle
spike 3, camouflage 1, gelatinous body 1
a: End Transformation, Heroism, Renounce Religion


You were on level 6 of the Dungeon.
You worshipped Okawaru.
Okawaru was pleased with you.
You were full.
One of your tentacles had a temporary spike.
You visited 2 branches of the dungeon, and saw 7 of its levels.
You also visited: Sewer.

You collected 306 gold pieces.

Inventory:

Hand Weapons
 f - a +2 dagger of flaming
Missiles
 a - 28 arrows
Armour
 v - a +1 shield (worn)
Jewellery
 q - a ring of wizardry (left tentacle)
 t - an uncursed ring of flight {unknown}
 w - a ring of wizardry (right tentacle)
Wands
 c - a wand of scattershot (5/9)
Scrolls
 e - 3 scrolls of teleportation
 g - a scroll of immolation {unknown}
 i - 5 scrolls of remove curse
 j - a scroll of identify {unknown}
 m - a scroll of enchant armour
 o - 3 scrolls of noise
 r - a scroll of fear
 s - a scroll of magic mapping
Potions
 k - 2 potions of agility
 l - a potion of brilliance {unknown}
 n - a potion of haste
 p - a potion of flight
 u - 2 potions of heal wounds {unknown}
Books
 b - a book of Changes

   Spells                             Type                      Level
   a - Beastly Appendage              Transmutation                1
   b - Sticks to Snakes               Transmutation                2
   c - Spider Form                    Transmutation/Poison         3
   d - Ice Form                       Ice/Transmutation            4
   e - Blade Hands                    Transmutation                5
 x - a book of Changes

   Spells                             Type                      Level
   a - Beastly Appendage              Transmutation                1
   b - Sticks to Snakes               Transmutation                2
   c - Spider Form                    Transmutation/Poison         3
   d - Ice Form                       Ice/Transmutation            4
   e - Blade Hands                    Transmutation                5
Comestibles
 d - 6 meat rations
 h - 4 royal jellies


   Skills:
 + Level 2.4 Fighting
 - Level 2.4 Dodging
 - Level 2.4 Stealth
 + Level 0.8 Shields
 + Level 9.7 Unarmed Combat
 + Level 2.7 Spellcasting
 + Level 2.5 Transmutations
 + Level 0.4 Invocations


You had 8 spell levels left.
You knew the following spells:

 Your Spells              Type           Power        Failure   Level  Hunger
a - Beastly Appendage     Tmut           ##....       11%         1    #......
b - Spider Form           Tmut/Pois      #.........   43%         3    ###....


Dungeon Overview and Level Annotations

Branches:
Dungeon (6/15)             Temple (1/1) D:4

Altars:
Ashenzari
Cheibriados
Dithmenos
Elyvilon
Fedhas
Gozag
Hepliaklqana
Kikubaaqudgha
Makhleb
Okawaru
Qazlal
Ru
Sif Muna
Trog
Uskayaw
Vehumet
Xom
Yredelemnul
Zin
The Shining One


Innate Abilities, Weirdness & Mutations

You cannot wear most types of armour.
You are very stealthy in the water. (Stealth+)
You are amphibious.
You can wear up to eight rings at the same time.
You can use your tentacles to constrict eight enemies at once.
Your skin changes colour to match your surroundings (Stealth+).
Your rubbery body absorbs attacks. (AC +1, EV +1)
One of your tentacles bears a large vicious spike.


Message History

The centaur hits you!
You tentacle-slap the centaur.
The centaur is moderately wounded.
The centaur hits you! The centaur closely misses you.
You tentacle-slap the centaur.
You pierce the centaur.
You squeeze the centaur.
The centaur is heavily wounded.
The centaur barely misses you.
You tentacle-slap the centaur but do no damage.
You pierce the centaur, but do no damage.
Your squeeze misses the centaur.
The centaur is heavily wounded.
The centaur hits you!
* * * LOW HITPOINT WARNING * * *
It was a potion of haste.
You feel yourself speed up. The centaur closely misses you.
The centaur hits you!
* * * LOW HITPOINT WARNING * * *
It was a potion of flight.
You feel very buoyant.
You fly up into the air.
The centaur hits you.
You die...

#############
#.[.........
#.........##########
#..................###
#.........#>.(.......#
#...c@....#...........
#######.#.#.######.#..
##.#<#.######.##.
#................
#......†.####.##.
#.(......# #.##.
#........# #.##.
#........# #.#..
#........# #..


You could see a centaur.

Vanquished Creatures
  Edmund (D:5)
  A water moccasin (D:5)
  9 big kobolds (Sewer)
  2 bullfrogs (D:6)
  A water moccasin skeleton (D:6)
  A bullfrog skeleton (D:5)
  A jelly (D:5)
  A hound zombie (D:6)
  12 adders
  5 gnolls
  3 river rats (Sewer)
  5 oozes (Sewer)
  An adder skeleton (D:5)
  5 worms
  2 dart slugs
  3 leopard geckos
  5 orcs
  4 ball pythons (Sewer)
  4 giant cockroaches
  5 goblins
  5 hobgoblins
  A quokka (D:5)
  2 bats
  3 frilled lizards
  A jackal skeleton (D:4)
  7 kobolds
  A quokka zombie (D:5)
  7 rats
98 creatures vanquished.

Notes
Turn   | Place    | Note
-------+----------+-------------------------------------------
     0 | D:1      | gungr the Octopode Transmuter began the quest for the Orb.
     0 | D:1      | Reached XP level 1. HP: 13/13 MP: 3/3
   111 | D:1      | Reached XP level 2. HP: 18/18 MP: 5/5
   309 | D:1      | Reached XP level 3. HP: 23/23 MP: 6/6
  1400 | D:2      | Reached skill level 4 in Unarmed Combat
  1479 | D:2      | Reached skill level 1 in Stealth
  1568 | D:2      | Found a white marble altar of Elyvilon.
  1832 | D:3      | Reached XP level 4. HP: 24/28 MP: 5/7
  2373 | D:3      | Reached XP level 5. HP: 12/33 MP: 8/8
  3068 | D:4      | Found a staircase to the Ecumenical Temple.
  3077 | Temple   | Entered the Ecumenical Temple
  3295 | Temple   | Became a worshipper of Warmaster Okawaru
  3501 | D:4      | Reached skill level 5 in Unarmed Combat
  3507 | D:4      | Found a glowing drain.
  3517 | Sewer    | Entered a sewer
  3642 | Sewer    | Noticed a big kobold
  3650 | Sewer    | Killed a big kobold
  3650 | Sewer    | Reached XP level 6. HP: 33/38 MP: 7/9
  3718 | Sewer    | Learned a level 3 spell: Spider Form
  3781 | Sewer    | Reached skill level 6 in Unarmed Combat
  4033 | Sewer    | Reached skill level 7 in Unarmed Combat
  4033 | Sewer    | Reached XP level 7. HP: 19/44 MP: 10/10
  4254 | Sewer    | Reached * piety under Okawaru
  4527 | Sewer    | Reached skill level 8 in Unarmed Combat
  4602 | Sewer    | Reached ** piety under Okawaru
  4602 | Sewer    | Reached XP level 8. HP: 42/50 MP: 11/11
  5228 | D:5      | Entered Level 5 of the Dungeon
  5360 | D:5      | Reached skill level 9 in Unarmed Combat
  5588 | D:5      | Found a hide-covered altar of Uskayaw.
  5589 | D:5      | Found a hazy altar of Hepliaklqana.
  5590 | D:5      | Found a shadowy altar of Dithmenos.
  5592 | D:5      | Found a shimmering altar of Xom.
  5592 | D:5      | Found a glowing silver altar of Zin.
  5593 | D:5      | Found a deep blue altar of Sif Muna.
  5593 | D:5      | Noticed Edmund
  5607 | D:5      | Killed Edmund
  5979 | D:6      | HP: 1/51 [centaur (8)]
  5980 | D:6      | Slain by a centaur

Skill      XL: |  1  2  3  4  5  6  7  8 |
---------------+-------------------------+-----
Unarmed Combat | 4 5 7 8 9 |  9.7
Stealth        | 1 2 |  2.4
Fighting       | 2 |  2.4
Dodging        | |  2.4
Shields        | |  0.8
Spellcasting   | |  2.7
Transmutations | |  2.5
Invocations    | |  0.4

Action                   |  1- 3 |  4- 6 |  7- 9 || total
-------------------------+-------+-------+-------++-------
Melee: Unarmed           |    62 |   101 |   105 ||   268
       Constrict         |    21 |    21 |    14 ||    56
       Tentacles         |    10 |    20 |    21 ||    51
       Kick              |     2 |     5 |     6 ||    13
       Punch             |     2 |     4 |     7 ||    13
 Cast: Beastly Appendage |     1 |     4 |     4 ||     9
       Spider Form       |       |       |     1 ||     1
Invok: Heroism           |       |       |     1 ||     1
  Use: Potion            |       |     3 |     2 ||     5
       Scroll            |       |       |     6 ||     6
 Stab: Sleeping          |     5 |    14 |     3 ||    22
       Distracted        |       |     1 |       ||     1
  Eat: Bread ration      |     1 |     1 |     1 ||     3
       Chunk             |       |     1 |       ||     1
       Meat ration       |       |       |     1 ||     1
       Fruit             |       |       |     1 ||     1
Armor: Skin              |     2 |     1 |     5 ||     8
Dodge: Dodged            |    28 |    45 |    39 ||   112
Block: Shield            |       |       |    14 ||    14
